 Dungeon Crawl Stone Soup version 0.15.2 (webtiles) character file.

68 RottenBandages the Insei (level 4, -3/35 HPs)
             Began as a Mummy Monk on Nov 1, 2015.
             Killed by divine providence
             ... invoked by an orc priest
              (13 damage)
             ... on Level 3 of the Dungeon.
             The game lasted 00:02:33 (1805 turns).

RottenBandages the Insei (Mummy Monk)               Turns: 1805, Time: 00:02:33

HP  -3/35        AC  2     Str 14      XL: 4   Next:  1%
MP   4/4         EV 13     Int  9      God:
Gold 123         SH  0     Dex 15      Spells:  0 memorised,  3 levels left

rFire  x . .     SeeInvis .       - Unarmed
rCold  + . .     Clarity  .     a - +0 robe
rNeg   + + +     rCorr    .     (no shield)
rPois  +         rRot     +     (no helmet)
rElec  .         Spirit   .     (no cloak)
SustAb .         Warding  .     (no gloves)
rMut   .         Stasis   .     (no boots)
Gourm  .                        (no amulet)
MR     .....                    (no ring)
                                (no ring)

@: not resistant to hostile enchantments, unstealthy
A: no food or potions, fire vulnerability, restore body, cold resistance 1,
negative energy resistance 3, poison resistance, torment resistance, unbreathing
a: no special abilities


You were on level 3 of the Dungeon.
You were not hungry.

You visited 1 branch of the dungeon, and saw 3 of its levels.

You collected 123 gold pieces.


Innate Abilities, Weirdness & Mutations

You do not eat or drink.
Your flesh is vulnerable to fire.
Your flesh is cold resistant.
You are immune to negative energy.
Your system is resistant to poisons.
You are immune to unholy pain and torment.
You can survive without breathing.


   Skills:
 - Level 3.0 Fighting
 - Level 2.4 Dodging
 - Level 1.5 Stealth
 + Level 4.6 Unarmed Combat


You had 3 spell levels left.
You didn't know any spells.

Inventory:

Missiles
 d - 17 poisoned needles
Armour
 a - a +0 robe (worn)
Scrolls
 b - a scroll of random uselessness {unknown}
 c - 2 scrolls of identify {unknown}
 e - 2 scrolls of teleportation {unknown}
 f - a scroll of noise {unknown}
 g - a scroll of fog {unknown}

Dungeon Overview and Level Annotations

Branches:
Dungeon (3/15)

Altars:
Kikubaaqudgha
Nemelex Xobeh
Okawaru
Sif Muna
Vehumet
Xom
Yredelemnul
Zin

#............#
##.#########.#
#.# #.# #.# #.#
#.# #%# #.# #.#
#.### #.#
##.##.######.#
#.#....#Zo..SM.#
#.......#g######
#......##.#
##..... #.#
##.... ..# ##.##
#.# .. #.# ##
#.# #.#


You could see an orc priest, an adder, a goblin and an ogre skeleton.


Message History

* * * LOW HITPOINT WARNING * * *
You hit the adder.
The adder is moderately wounded.
The adder bites you.
* * * LOW HITPOINT WARNING * * *
The goblin hits you with a club.
* * * LOW HITPOINT WARNING * * *
You are too injured to fight recklessly!
You are too injured to fight recklessly!
You are too injured to fight recklessly!
You are too injured to fight recklessly!
You are too injured to fight recklessly!
You are too injured to fight recklessly!
You are too injured to fight recklessly!
You are too injured to fight recklessly!
You are too injured to fight recklessly!
You are too injured to fight recklessly!
You are too injured to fight recklessly!
You are too injured to fight recklessly!
You are too injured to fight recklessly!
You are too injured to fight recklessly!
You are too injured to fight recklessly!
You are too injured to fight recklessly!
Unknown command.
The adder misses you. The adder barely misses you.
The orc priest's eyes start to glow.
The orc priest mumbles some strange prayers to Beogh against you.
Something smites you!
You die...

Action                   |  1- 3 |  4- 6 || total
-------------------------+-------+-------++-------
Melee: Unarmed           |   135 |    13 ||   148
 Stab: Sleeping          |     1 |       ||     1

Vault maps used:
D:1:      dpeg_arrival_tiny_g
D:2:      lemuel_blue_sif_altar, gammafunk_temple_overflow_forgotten,
          nemelex_deck, grunt_temple_overflow_diamond, first_bread
D:3:      hangedman_decor_clover_reticule, uniq_sigmund, uniq_natasha

Notes
Turn   | Place    | Note
--------------------------------------------------------------
     0 | D:1      | RottenBandages, the Mummy Monk, began the quest for the Orb.
     0 | D:1      | Reached XP level 1. HP: 18/18 MP: 1/1
   225 | D:1      | Reached XP level 2. HP: 21/24 MP: 2/2
   739 | D:2      | Found a basalt altar of Yredelemnul.
   740 | D:2      | Found an ancient bone altar of Kikubaaqudgha.
   745 | D:2      | Reached skill level 4 in Unarmed Combat
   828 | D:2      | Found a glowing silver altar of Zin.
   834 | D:2      | Found an iron altar of Okawaru.
   837 | D:2      | Found a shimmering altar of Xom.
   846 | D:2      | Reached XP level 3. HP: 25/29 MP: 3/3
   887 | D:2      | Found a sparkling altar of Nemelex Xobeh.
   935 | D:2      | Found a deep blue altar of Sif Muna.
   958 | D:2      | Found a radiant altar of Vehumet.
  1357 | D:3      | Noticed an ogre
  1767 | D:3      | Reached XP level 4. HP: 35/35 MP: 4/4
  1805 | D:3      | Killed from afar by an orc priest

Vanquished Creatures
  An adder (D:2)
  2 giant mites (D:2)
  A worm (D:2)
  2 oozes
  A giant cockroach (D:2)
  3 goblins (D:1)
  6 hobgoblins
  6 bats
  2 giant newts
  7 kobolds
  A quokka (D:3)
  9 rats
41 creatures vanquished.
